 Dungeon Crawl Stone Soup version 0.26.1-11-gd32895ea62 (webtiles) character file.

Game seed: 14196459139785735366

28 Zeld the Firebug (level 3, 19/19 HPs)
             Began as a Deep Elf Fire Elementalist on May 24, 2021.
             Quit the game on level 1 of the Dungeon.
             The game lasted 00:05:32 (3381 turns).

Zeld the Firebug (Deep Elf Fire Elementalist)       Turns: 3381, Time: 00:05:32

Health: 19/19      AC:  2    Str:  6    XL:     3   Next: 0%
Magic:  7/9        EV: 13    Int: 19    God:
Gold:   13         SH:  0    Dex: 15    Spells: 7/8 levels left

rFire    . . .     SeeInvis .   (no weapon)
rCold    . . .     Faith    .   (no shield)
rNeg     . . .     Spirit   .   a - +0 robe
rPois    .         Reflect  .   (no helmet)
rElec    .         Harm     .   (no cloak)
rCorr    .         Rampage  .   (no gloves)
Will     .....                  (no boots)
Stlth    ++........             (no amulet)
HPRegen  0.06/turn              (no ring)
MPRegen  0.11/turn              (no ring)

@: no status effects
A: no striking features
a: no special abilities


You were on level 1 of the Dungeon.
You visited 1 branch of the dungeon, and saw 1 of its levels.

You collected 13 gold pieces.

Inventory:

Armour
 a - a +0 robe (worn)
Jewellery
 b - a cursed ring of attention {unknown}
Scrolls
 d - a scroll of teleportation {unknown}
 g - a scroll of immolation {unknown}
Potions
 c - a potion of curing {unknown}
 e - a potion of attraction {unknown}
 f - a potion of brilliance {unknown}


   Skills:
 + Level 2.8 Dodging
 - Level 2.4 Stealth
 + Level 3.4 Spellcasting
 * Level 2.0 Conjurations
 * Level 3.7 Fire Magic


You had 7 spell levels left.
You knew the following spells:

 Your Spells              Type           Power        Failure   Level
a - Foxfire               Conj/Fire      56%          4%          1

Your spell library contained the following spells:

 Spells                   Type           Power        Failure   Level
 Conjure Flame            Conj/Fire      14%          13%         3
 Inner Flame              Hex/Fire       10%          21%         3
 Sticky Flame             Conj/Fire      14%          41%         4
 Fireball                 Conj/Fire      7%           77%         5


Dungeon Overview and Level Annotations

Branches:
Dungeon (1/15)

Altars:


Message History

Casting: Foxfire (safe; 4% risk of failure)
Confirm with . or Enter, or press ? or * to list all spells.
You conjure some foxfire!
Your foxfire dissipates!
You see here a frilled lizard corpse.
You start resting.
Magic restored.
You start waiting.
Done waiting.
A rat comes into view.
Casting: Foxfire (safe; 4% risk of failure)
Confirm with . or Enter, or press ? or * to list all spells.
You conjure some foxfire!
The foxfire hits the rat.
You kill the rat!
You have reached level 3!
Your experience leads to an increase in your attributes!
Increase (S)trength, (I)ntelligence, or (D)exterity?
You feel stronger.
Are you sure you want to abandon this character and quit the game? (Confirm with "yes".)

.....## #.# #.......
......## #.#
.......##### .......#
#.# .####..# # .......#
#.# ##.# # .......# #.#
#.# # ......## ##### #.#
. #.# ###
.....#####...## #.# ...
#b# #..
.......##.###.###§#§v...
#g #.. ..........#
#...@§§...# #..
#.##..)##.###.###.##..#
#.. #.##...###...###...#
## #..
#.##...................
#..
#.##..####♣♣♣♣♣♣♣..#..#
#..
#.##.......♣♣PP.♣♣##..#
#.# #.##..####♣.♣....♣
..# #.# ..##..#
♣.P†.♣.♣##..##### #.#
..##..#
♣♣..♣♣♣.........# #.#


There were no monsters in sight!

Vanquished Creatures
  A dart slug (D:1)
  A leopard gecko (D:1)
  A bat (D:1)
  6 goblins (D:1)
  2 hobgoblins (D:1)
  3 jackals (D:1)
  3 kobolds (D:1)
  2 frilled lizards (D:1)
  5 rats (D:1)
24 creatures vanquished.

Vanquished Creatures (collateral kills)
  48 foxfires (D:1)
48 creatures vanquished.

Vanquished Creatures (others)
  52 foxfires (D:1)
52 creatures vanquished.

Grand Total: 124 creatures vanquished

Notes
Turn   | Place    | Note
-------+----------+-------------------------------------------
     0 | D:1      | Zeld the Deep Elf Fire Elementalist began the quest for the
                  | Orb.
     0 | D:1      | Reached XP level 1. HP: 10/10 MP: 6/6
   774 | D:1      | Reached XP level 2. HP: 15/15 MP: 4/8
  3381 | D:1      | Reached XP level 3. HP: 19/19 MP: 7/9
  3381 | D:1      | Quit the game

Illustrated notes

Levels and vault maps discovered:
D:1:      lightli_molten_gateway, layout_loops_ring, serial_forest,
          infiniplex_forest_corner_1, infiniplex_forest_zigzag_2,
          infiniplex_forest_clump_small, infiniplex_forest_end_2,
          infiniplex_forest_clump_small

Skill      XL: |  1  2 |
---------------+-------+-----
Conjurations   | 2 |  2.0
Dodging        | |  2.8
Stealth        | |  2.4
Spellcasting   | |  3.4
Fire Magic     | |  3.7

Action                   || total
-------------------------++-------
Melee: Unarmed           ||    96
       Spear             ||   186
 Cast: Foxfire           ||    68
 Stab: Sleeping          ||     1
Armor: Robe              ||     7
Dodge: Dodged            ||    25
